 Dungeon Crawl Stone Soup version 0.30-a0-1066-g63dfefce0d (webtiles) character file.

Game seed: 6636225912783553914

112 vineage the Trooper (level 4, 0/31 HPs)
             Began as a Gargoyle Gladiator on Apr 12, 2023.
             Slain by a gnoll
             ... wielding a +0 club
             ... led by a gnoll bouda
              (3 damage)
             ... on level 4 of the Dungeon.
             The game lasted 00:02:33 (2582 turns).

vineage the Trooper (Gargoyle Gladiator)            Turns: 2582, Time: 00:02:33

Health: 0/31       AC: 11    Str: 19    XL:     4   Next: 93%
Magic:  4/4        EV: 10    Int:  9    God:
Gold:   181        SH:  5    Dex: 11    Spells: 3/3 levels left

rFire   . . .      SeeInvis .    a - +1 flail
rCold   . . .      Faith    .    (no shield)
rNeg    + . .      Spirit   .    h - +0 scale mail
rPois   ∞          Reflect  +    c - +0 helmet
rElec   +          Rampage  .    o - +0 cloak
rCorr   .                        (no gloves)
Will    .....                    (no boots) Stlth
                                 e - amulet of reflection
HPRegen 0.25/turn                (no ring)
MPRegen 0.09/turn                (no ring)

@: about to teleport, weakened
A: sickness immunity, AC +3, negative energy resistance 1, electricity
resistance, torment resistance 1, petrification resistance
a: no special abilities


You were on level 4 of the Dungeon.
You visited 1 branch of the dungeon, and saw 4 of its levels.

You collected 181 gold pieces.

Inventory:

Hand Weapons
 a - a +1 flail (weapon)
Armour
 c - a +0 helmet (worn)
 h - a +0 scale mail (worn)
 o - a +0 cloak (worn)
Jewellery
 e - an amulet of reflection (around neck)
Scrolls
 d - a scroll of teleportation
 g - a scroll of poison {unknown}
 i - a scroll of blinking
 n - a scroll of amnesia {unknown}
 p - a scroll of acquirement {unknown}
Potions
 b - 2 potions of attraction
 f - a potion of invisibility {unknown}
 j - a potion of lignification
 k - a potion of heal wounds {unknown}
 l - a potion of flight {unknown}
 m - a potion of curing {unknown}
 q - a potion of might {unknown}


   Skills:
 * Level 5.4 Fighting
 - Level 3.0 Maces & Flails
 - Level 1.7 Throwing
 - Level 2.4 Dodging


You had 3 spell levels left.
You didn't know any spells.
Your spell library contained the following spells:

 Spells                   Type           Power      Damage    Failure   Level
 Call Canine Familiar     Summ           0%         N/A       98%         3
 Portal Projectile        Hex/Tloc       0%         N/A       98%         3
 Leda's Liquefaction      Hex/Erth       0%         N/A       100%        4


Dungeon Overview and Level Annotations

Branches:
Dungeon (4/15)
 Temple: D:4-7

Altars:
Ru
Yredelemnul

Shops:
D:4 *


Innate Abilities, Weirdness & Mutations

You are immune to sickness and miasma.
Your stone body is resilient. (AC +3)
You are immune to poison.
You resist negative energy. (rN+)
You are resistant to electric shocks. (rElec)
You are resistant to unholy torment.
You are immune to petrification.


Message History

The gnoll bouda hits you with a +0 whip.
You barely miss the gnoll bouda.
The gnoll bouda is severely wounded.
The gnoll hits you with a +0 club. You block the gnoll's attack.
The gnoll bouda barks out a call to the hunt!
The gnoll picks up the pace!
You hit the gnoll bouda.
The gnoll bouda is severely wounded.
The gnoll hits you but does no damage.
The gnoll hits you from afar with a +0 halberd.
You block the gnoll bouda's attack. The gnoll hits you but does no damage.
The gnoll hits you from afar with a +0 halberd.
You hit the gnoll bouda.
The gnoll bouda is almost dead.
You feel less wooden.
Your +0 cloak unmelds from your body.
Your +0 helmet unmelds from your body.
Your +0 scale mail unmelds from your body.
Your attacks no longer feel as feeble.
The gnoll bouda gazes fiercely through you!
You feel your attacks grow feeble. The gnoll bouda closely misses you.
The gnoll barely misses you. The gnoll hits you with a +0 club.
* * * LOW HITPOINT WARNING * * *
You hit the gnoll bouda but do no damage.
The gnoll bouda is almost dead.
The gnoll bouda misses you. The gnoll hits you but does no damage.
You block the gnoll's attack.
The gnoll bouda mumbles some strange prayers to its god.
The gnoll bouda is healed somewhat.
Okay, then.
As you read the scroll of teleportation, it crumbles to dust.
You feel strangely unstable. You block the gnoll's attack. x2
The gnoll bouda closely misses you.
The gnoll bouda attacks as you move away!
The gnoll bouda hits you with a +0 whip.
* * * LOW HITPOINT WARNING * * *
The gnoll barely misses you. x2
The gnoll attacks as you move away! You block the gnoll's attack.
The gnoll attacks as you move away! The gnoll hits you with a +0 club.
You die...

#......# #......#
######### #......#
#.......# #......###
#.......# #......#..
#.....@g######......+..
#......g.#...#......#.)
########g).∩.†.######..
#.#...##....##..
#g######....##.. '..
#........ #.. #######..
#... #.. #... ###


You could see a gnoll bouda and 2 gnolls.

Vanquished Creatures
  4 adders
  A gnoll (D:4)
  A worm (D:2)
  3 dart slugs
  3 orcs
  3 bats
  5 endoplasms
  6 goblins
  6 hobgoblins
  5 kobolds
  2 quokkas (D:3)
  10 ball pythons
  2 frilled lizards (D:1)
  2 rats
53 creatures vanquished.

Notes
Turn   | Place    | Note
-------+----------+-------------------------------------------
     0 | D:1      | vineage the Gargoyle Gladiator began the quest for the Orb.
     0 | D:1      | Reached XP level 1. HP: 12/12 MP: 1/1
   186 | D:1      | Reached XP level 2. HP: 18/18 MP: 2/2
   195 | D:1      | Reached skill level 3 in Fighting
   668 | D:2      | Reached XP level 3. HP: 24/24 MP: 3/3
   730 | D:2      | Reached skill level 4 in Fighting
  1260 | D:2      | Reached XP level 4. HP: 21/30 MP: 4/4
  1472 | D:3      | Found a sacrificial altar of Ru.
  1638 | D:3      | HP: 1/30 [orc/+0 trident (2)]
  2246 | D:3      | Reached skill level 5 in Fighting
  2272 | D:3      | Found a basalt altar of Yredelemnul.
  2336 | D:3      | Found a faded altar of an unknown god.
  2547 | D:4      | Found Caifuk's Serpentskin Sales.
  2582 | D:4      | Slain by a gnoll

Illustrated notes

Levels and vault maps discovered:
D:1:      tarquinn_simple_flora_water_c, layout_basic,
          hangedman_decor_peaks_small, nicolae_concentric_dashed_squares_mild,
          grunt_decor_mini_mirrors, grunt_decor_resistance,
          minmay_misc_feat_doors
D:2:      layout_loops_cross, nicolae_underground_beach
D:3:      layout_rooms, lemuel_coloured_pillars_altar,
          mainiacjoe_overflow_cross_hatched,
          shapermc_ecumenical_altar_mp_vishouse, dreamdust_princess_bridge
D:4:      layout_gridville, mainiacjoe_overflow_concentric_impassable,
          hangedman_abyss_or_decor_stagger, guppyfry_shop_venom

Skill      XL: |  1  2  3  4 |
---------------+-------------+-----
Fighting       | 3 4 5 |  5.4
Maces & Flails | |  3.0
Throwing       | |  1.7
Dodging        | |  2.4

Action                     |  1- 3 |  4- 6 || total
---------------------------+-------+-------++-------
  Melee: Flail             |    96 |    81 ||   177
         Punch             |     1 |     1 ||     2
    Use: Scroll            |     1 |     4 ||     5
         Potion            |       |     1 ||     1
 Armour: Scale mail        |    45 |    26 ||    71
         Skin              |       |    18 ||    18
  Dodge: Dodged            |    49 |    50 ||    99
  Block: Other             |       |    17 ||    17
         Reflection        |       |     2 ||     2

Table legend: (Time is in decaauts)
 A = Elapsed time spent in this place.
 B = Non-inter-level travel time spent in this place.
 C = Inter-level travel time spent in this place.
 D = Time resting spent in this place.
 E = Time spent auto-exploring this place.
 F = Levels seen in this place.
 G = Mean time per level.
                   A        B        C        D        E       F      G
               +--------+--------+--------+--------+--------+-----+--------+
         Total |   2624 |   2510 |    114 |    312 |   1745 |   4 |  656.0 |
       Dungeon |   2624 |   2510 |    114 |    312 |   1745 |   4 |  656.0 |
               +--------+--------+--------+--------+--------+-----+--------+

Top non-repeatable levels by time:
     D:3: 980 daAuts
     D:2: 776 daAuts
     D:1: 671 daAuts
     D:4: 196 daAuts
